 Dungeon Crawl Stone Soup version 0.27-a0-1196-g3e9cee4cb2 (webtiles) character file.

Game seed: 5515780928260722766

345 bande the Covered (level 6, -6/38 HPs)
             Began as a Gargoyle Fighter on May 28, 2021.
             Mangled by Pikel
             ... wielding a +0 whip of flaming
              (7 damage)
             ... on level 4 of the Dungeon.
             The game lasted 00:06:20 (3620 turns).

bande the Covered (Gargoyle Fighter)                Turns: 3620, Time: 00:06:21

Health: -6/38      AC: 14    Str: 20    XL:     6   Next: 58%
Magic:  6/6        EV:  7    Int:  9    God:
Gold:   205        SH: 11    Dex: 10    Spells: 5/5 levels left

rFire    . . .     SeeInvis .   a - +0 war axe
rCold    . . .     Faith    .   h - +2 kite shield {AC+3}
rNeg     + + .     Spirit   .   b - +0 scale mail
rPois    ∞         Reflect  .   (no helmet)
rElec    +         Harm     .   (no cloak)
rCorr    .         Rampage  .   (no gloves)
Will     .....                  (no boots)
Stlth    ..........             (no amulet)
HPRegen  0.12/turn              m - ring of positive energy
MPRegen  0.10/turn              (no ring)

@: mighty
A: sickness immunity, AC +4, negative energy resistance 1, electricity
resistance, torment resistance 1, petrification resistance, screaming 1
a: no special abilities


You were on level 4 of the Dungeon.
You visited 1 branch of the dungeon, and saw 4 of its levels.

You collected 205 gold pieces.

Inventory:

Hand Weapons
 a - a +0 war axe (weapon)
 q - a +0 flail
Missiles
 l - 8 curare-tipped darts (quivered)
Armour
 b - a +0 scale mail (worn)
 h - a +2 kite shield of protection (worn)
Jewellery
 c - a ring of wizardry
 e - an amulet of the acrobat
 m - a ring of positive energy (left hand)
Wands
 o - a wand of flame (15)
Scrolls
 k - a scroll of teleportation
Potions
 f - a potion of haste


   Skills:
 + Level 3.9 Fighting
 + Level 4.3 Axes
 + Level 4.5 Armour
 + Level 1.2 Dodging
 + Level 4.1 Shields
 * Level 0.8 Evocations


You had 5 spell levels left.
You didn't know any spells.
Your spell library contained the following spells:

 Spells                   Type           Power      Damage    Failure   Level
 Animate Skeleton         Necr           0%         N/A       99%         1
 Apportation              Tloc           0%         N/A       99%         1
 Corona                   Hex            0%         N/A       99%         1
 Pain                     Necr           0%         1d4       99%         1
 Summon Small Mammal      Summ           0%         N/A       99%         1
 Vampiric Draining        Necr           0%         2d6       100%        3
 Animate Dead             Necr           0%         N/A       100%        4
 Agony                    Necr           0%         N/A       100%        5


Dungeon Overview and Level Annotations

Branches:
Dungeon (4/15)
 Temple: D:4-7

Altars:
Trog
Yredelemnul

Shops:
D:3 *

Annotations:
D:4 Pikel


Innate Abilities, Weirdness & Mutations

You are immune to sickness and miasma.
Your stone body is resilient. (AC +4)
You are immune to poison.
You resist negative energy. (rN+)
You are resistant to electric shocks. (rElec)
You are resistant to unholy torment.
You are immune to petrification.
You occasionally shout uncontrollably at your foes.


Message History

You barely miss Pikel.
Pikel is heavily wounded.
You block Pikel's attack.
You closely miss Pikel.
Pikel is heavily wounded.
Pikel hits you with a +0 whip of flaming.
Pikel burns you.
Pikel hits you with a +0 whip of flaming.
* * * LOW HITPOINT WARNING * * *
Pikel burns you.
* * * LOW HITPOINT WARNING * * *
You feel better. You block Pikel's attack.
You feel very mighty all of a sudden. Pikel hits you but does no damage.
You hit Pikel but do no damage.
Pikel is heavily wounded.
You block Pikel's attack.
You closely miss Pikel.
Pikel is heavily wounded.
Pikel completely misses you. Pikel closely misses you.
You slash Pikel!
Pikel is almost dead.
Pikel hits you but does no damage.
You barely miss Pikel.
Pikel is almost dead.
Pikel hits you with a +0 whip of flaming.
* * * LOW HITPOINT WARNING * * *
Pikel burns you.
* * * LOW HITPOINT WARNING * * *
Pikel hits you but does no damage.
You barely miss Pikel.
Pikel is almost dead.
Pikel hits you with a +0 whip of flaming.
* * * LOW HITPOINT WARNING * * *
Pikel burns you.
* * * LOW HITPOINT WARNING * * *
You barely miss Pikel.
Pikel is almost dead.
Pikel hits you with a +0 whip of flaming!
You die...

#.. ######.##
#.###...#...#
#.....#.#...#
#####>..#...####
####..........####
#....#..)).†......
#.##.......†...#.#
#@###.##..(###.#.#
#K#............#.#
555...##...#####.#
##.######.###
##... #.#
#.#####.... ...
#.#........ #..
#.#.##....> #..
.#.##.....
...........


You could see Pikel and 3 lemures.

Vanquished Creatures
  A necrophage (D:4)
  2 iguanas (D:4)
  2 orc wizards (D:3)
  3 gnolls (D:4)
  4 adders
  An adder skeleton (D:4)
  4 dart slugs
  4 orcs
  6 ball pythons
  5 endoplasms
  6 giant cockroaches
  4 goblins
  8 hobgoblins
  8 jackals (D:1)
  7 bats
  2 frilled lizards
  10 kobolds
  4 rats
81 creatures vanquished.

Vanquished Creatures (others)
  4 plants
4 creatures vanquished.

Grand Total: 85 creatures vanquished

Notes
Turn   | Place    | Note
-------+----------+-------------------------------------------
     0 | D:1      | bande the Gargoyle Fighter began the quest for the Orb.
     0 | D:1      | Reached XP level 1. HP: 14/14 MP: 1/1
   169 | D:1      | Reached XP level 2. HP: 16/19 MP: 2/2
   572 | D:1      | Reached XP level 3. HP: 21/23 MP: 3/3
   954 | D:1      | Identified a scroll of acquirement
   954 | D:1      | Acquired a +2 kite shield of protection
  1651 | D:2      | Reached XP level 4. HP: 21/28 MP: 4/4
  1892 | D:2      | Found a faded altar of an unknown god.
  2053 | D:2      | You fall into a shaft and drop 1 floor!
  2105 | D:2      | Found a bloodstained altar of Trog.
  2784 | D:3      | Reached skill level 1 in Dodging
  2784 | D:3      | Reached XP level 5. HP: 6/33 MP: 5/5
  3122 | D:3      | Found Cirgh's Assorted Antiques.
  3238 | D:3      | Found a basalt altar of Yredelemnul.
  3531 | D:4      | Reached XP level 6. HP: 38/38 MP: 6/6
  3544 | D:4      | Noticed a necrophage
  3553 | D:4      | Killed a necrophage
  3566 | D:4      | Gained mutation: You occasionally shout uncontrollably at
                  | your foes. [potion of mutation]
  3592 | D:4      | Noticed Pikel
  3619 | D:4      | HP: 1/38 [Pikel/+0 whip of flaming (3)]
  3620 | D:4      | Mangled by Pikel

Illustrated notes

Levels and vault maps discovered:
D:1:      giann_bridges, layout_loops_corners
D:2:      layout_loops_ring, shapermc_ecumenical_altar_mp_highgroup,
          basic_altar, chequers_garden, minmay_pentomino_s4
D:3:      layout_rooms, yredelemnul_altar_generic, serial_shops,
          nicolae_shop_overgrown_old_shop, serial_co_window_serial,
          co_window_paths_a, co_window_paths_a, co_window_corner_a,
          co_window_paths_a, co_window_cross_1, co_window_broadway_b,
          co_window_cross_2, co_window_2corner, co_window_corner_b,
          co_window_4corner_b, glass_columns_c, glass_columns_a
D:4:      layout_loops_ring, nicolae_qazlal_general_emergency,
          uniq_crazy_yiuf_cottage, uniq_pikel

Skill      XL: |  1  2  3  4  5  6 |
---------------+-------------------+-----
Axes           | 2 3 4 |  4.3
Armour         | 4 |  4.5
Dodging        | 1 |  1.2
Shields        | 4 |  4.1
Fighting       | |  3.9
Evocations     | |  0.8

Action                   |  1- 3 |  4- 6 || total
-------------------------+-------+-------++-------
Melee: War axe           |   147 |   181 ||   328
  Use: Scroll            |     2 |     1 ||     3
       Potion            |       |     9 ||     9
Armor: Scale mail        |    95 |   109 ||   204
Dodge: Dodged            |    53 |    59 ||   112
Block: Kite shield       |   108 |    89 ||   197

Table legend: (Time is in decaauts)
 A = Elapsed time spent in this place.
 B = Non-inter-level travel time spent in this place.
 C = Inter-level travel time spent in this place.
 D = Time resting spent in this place.
 E = Time spent auto-exploring this place.
 F = Levels seen in this place.
 G = Mean time per level.
                   A        B        C        D        E       F      G
               +--------+--------+--------+--------+--------+-----+--------+
         Total |   3795 |   3795 |      0 |    352 |   2642 |   4 |  948.8 |
       Dungeon |   3795 |   3795 |      0 |    352 |   2642 |   4 |  948.8 |
               +--------+--------+--------+--------+--------+-----+--------+

Top non-repeatable levels by time:
     D:1: 1644 daAuts
     D:3: 1097 daAuts
     D:2: 851 daAuts
     D:4: 202 daAuts
